 Dungeon Crawl Stone Soup version 0.30-a0-172-gc5509c9e31 (webtiles) character file.

Game seed: 11614608467863923267

46122 Sobieck the Spry (level 14, -6/76 HPs)
             Began as a Kobold Brigand on Oct 1, 2022.
             Was a Believer of Uskayaw.
             Killed by divine providence
             ... invoked by a meliai
              (13 damage)
             ... on level 13 of the Dungeon.
             The game lasted 00:41:20 (20115 turns).

Sobieck the Spry (Kobold Brigand)                  Turns: 20115, Time: 00:41:21

Health: -6/76      AC: 14    Str:  9    XL:     14   Next: 74%
Magic:  22/22      EV: 29    Int: 12    God:    Uskayaw [**....]
Gold:   2081       SH:  6    Dex: 21    Spells: 13/13 levels left

rFire   + . .      SeeInvis +    b - +2 rapier (vamp) {short}
rCold   + . .      Faith    .    H - +0 buckler
rNeg    . . .      Spirit   .    L - +2 robe {rC+}
rPois   .          Reflect  .    A - +2 helmet
rElec   .          Harm     .    c - +1 cloak
rCorr   .          Rampage  .    j - +2 pair of gloves
Will    +....                    W - +1 pair of boots
Stlth   ++++++++..               V - amulet of regeneration {@e2}
HPRegen 1.12/turn                k - ring of see invisible
MPRegen 0.18/turn                D - ring of protection from fire

@: no status effects
A: small, no large weapons, nightstalker 3
a: Renounce Religion, Stomp, Line Pass


You were on level 13 of the Dungeon.
You worshipped Uskayaw.
Uskayaw was aware of your devotion.
You visited 3 branches of the dungeon, and saw 19 of its levels.
You also visited: Ossuary.

You collected 2081 gold pieces.


Innate Abilities, Weirdness & Mutations

You are small and have problems with some larger weapons.
You are completely attuned to the shadows.


   Skills:
 - Level 4.0 Fighting
 * Level 12.8 Short Blades
 - Level 2.1 Throwing
 + Level 18.2 Dodging
 + Level 17.4 Stealth
 - Level 3.0 Shields
 + Level 11.6 Invocations


You had 13 spell levels left.
You didn't know any spells.
Your spell library contained the following spells:

 Spells                   Type           Power      Damage    Failure   Level
 Ensorcelled Hibernation  Hex/Ice        0%         N/A       58%         2
 Passwall                 Tmut/Erth      0%         N/A       58%         2
 Kindle Blastsparks       Fire/Tloc/Air  0%         2d10      82%         3
 Stone Arrow              Conj/Erth      0%         3d7       82%         3
 Swiftness                Air            0%         N/A       82%         3
 Tukima's Dance           Hex            0%         N/A       82%         3
 Animate Armour           Summ/Erth      0%         N/A       99%         4
 Fulminant Prism          Conj/Hex       0%         3d6       99%         4
 Iskenderun's Mystic Bla  Conj/Tloc      0%         2d3       99%         4
 Passage of Golubria      Tloc           0%         N/A       99%         4
 Lee's Rapid Deconstruct  Erth           0%         3d5*      100%        5
 Yara's Violent Unravell  Hex/Tmut       0%         3d3       100%        5
 Lehudib's Crystal Spear  Conj/Erth      0%         10d2      100%        8

Inventory:

Hand Weapons
 a - a +5 rapier of electrocution {short}
   (You took it off a spriggan on level 5 of the Lair of Beasts)
 b - a +2 vampiric rapier (weapon) {short}
   (You took it off a spriggan on level 5 of the Lair of Beasts)
 X - a +0 rapier of protection {short}
   (You took it off a spriggan on level 5 of the Lair of Beasts)
Missiles
 d - 35 poisoned darts {throwing}
 e - 8 curare-tipped darts {=fthrowing}
 f - 6 atropa-tipped darts {throwing}
 l - 6 throwing nets {=f!fthrowing}
 J - 7 boomerangs {throwing}
Armour
 c - a +1 cloak (worn)
 j - a +2 pair of gloves (worn)
   (You found it on level 1 of the Dungeon)
 A - a +2 helmet (worn)
   (You took it off Robin on level 2 of the Dungeon)
 B - a +2 kite shield
   (You found it on level 13 of the Dungeon)
 H - a +0 buckler (worn)
   (You took it off a gnoll sergeant on level 8 of the Dungeon)
 L - a +2 robe of cold resistance (worn)
   (You took it off a spriggan on level 5 of the Lair of Beasts)
 W - a +1 pair of boots (worn)
   (You found it on level 10 of the Dungeon)
Jewellery
 k - a ring of see invisible (left hand)
   (You found it on level 2 of the Lair of Beasts)
 x - a ring of protection from fire
   (You found it on level 5 of the Lair of Beasts)
 D - a ring of protection from fire (right hand)
   (You found it on level 4 of the Dungeon)
 M - the ring "Uceifiafuh" {Fire Dex+2}
   (You found it on level 7 of the Dungeon)

   [ring of fire]

   It enhances your fire magic.
   Dex:       It affects your dexterity (+2).
   rF:        It protects you from fire.
   rC:        It makes you vulnerable to cold.
 V - an amulet of regeneration (around neck) {@e2}
   (You took it off an orc warrior on level 9 of the Dungeon)
Wands
 m - a wand of flame (30)
   (You took it off Natasha on level 4 of the Dungeon)
 u - a wand of digging (5)
   (You found it on level 12 of the Dungeon)
 v - a wand of charming (20)
   (You found it on level 2 of the Dungeon)
 N - a wand of acid (9) (quivered)
   (You found it on level 9 of the Dungeon)
 P - a wand of iceblast (12)
   (You found it on level 8 of the Dungeon)
Scrolls
 h - 5 scrolls of immolation {!r!r}
 i - 3 scrolls of identify {@r1}
 o - 5 scrolls of butterflies
 p - 5 scrolls of poison {!r}
 y - 3 scrolls of vulnerability {!r!r}
 z - 5 scrolls of magic mapping {!r}
 F - 4 scrolls of summoning
 G - 2 scrolls of torment {!r}
 K - 5 scrolls of teleportation {@r4}
 U - a scroll of blinking {!r}
 Y - a scroll of silence {!r}
Potions
 g - 3 potions of curing {@q1}
 n - a potion of ambrosia
 q - 3 potions of lignification {!q}
 r - 2 potions of mutation {!q}
 s - 3 potions of haste {@q3}
 t - 5 potions of brilliance
 w - 2 potions of flight
 C - 3 potions of berserk rage {!q}
 E - 5 potions of might
 I - 2 potions of resistance
 Q - 2 potions of cancellation
 R - a potion of invisibility
 S - 5 potions of heal wounds {@q2}
 T - 3 potions of magic
 Z - 5 potions of attraction {!q}
Miscellaneous
 O - a piece from Xom's chessboard (15/15)
   (You found it on level 5 of the Lair of Beasts)

Dungeon Overview and Level Annotations

Branches:
Dungeon (13/15) Zot: 26870  Temple (1/1) D:5 Zot: 5823    Lair (5/5) D:11 Zot: 24861
  Swamp (0/4) Lair:3       Spider (0/4) Lair:3        Slime (0/5) Lair:4
    Orc (0/2) D:11        Ossuary (visited)
 Vaults: D:13-14

Altars:
Ashenzari
Cheibriados
Dithmenos
Elyvilon
Fedhas
Gozag
Hepliaklqana
Kikubaaqudgha
Makhleb
Nemelex Xobeh
Okawaru
Qazlal
Ru
Sif Muna
Trog
Uskayaw
Vehumet
Wu Jian
Xom
Yredelemnul
Zin
The Shining One
Jiyva

Shops:
D:10 *

Annotations:
D:3 2 runed translucent doors
D:13 3 runed translucent doors
Lair:1 exclusions: ice dragon and white imp

### #.# #.#
#.# #.#
#.#######
#........
#........
#...@y...
######...yy...
#.............
#...######....
#...# ....
#...# #...#
#...####
#.......


You could see 3 meliai.


Message History

Unknown command.
You see here a +2 kite shield.
Unknown command.
You can't carry that many items.
You drop a +3 dagger of electrocution {short}.
B - a +2 kite shield Unknown command.
Unknown command.
Your pack is full.
You see here a fuming puce potion.
Unknown command.
Okay, then.
As you read the scroll of identify {@r1}, it crumbles to dust. a potion of ambrosia You drop 3 potions of degeneration {!q@e2}.
n - a potion of ambrosia You see here 3 potions of degeneration {!q@e2}.
S - 5 potions of heal wounds {@q2} (gained 1)
You open the door.
There is an open door here.
There is an open door here.
You now have 2081 gold pieces (gained 19).
A meliai comes into view. It is wielding a +0 hand axe.
The meliai buzzes angrily.
You hear an angry buzzing noise.
A meliai comes into view. It is wielding a +0 hand axe.
Danger!
A meliai comes into view. It is wielding a +0 hand axe.
The meliai closely misses you. The meliai barely misses you.
The meliai closely misses you. x2; You block the meliai's attack.
The meliai completely misses you.
The meliai moves out of view.
You hit the meliai. Lightning courses through the meliai!
You block the meliai's attack. The meliai completely misses you. x3
The meliai buzzes angrily.
You hit the meliai.
The meliai calls upon its god to heal the meliai.
The meliai is healed somewhat.
The meliai completely misses you. The meliai stings you.
The meliai calls down the wrath of its god upon you.
Something smites you!
The meliai mumbles some strange prayers to its god against you.
Something smites you! You block the meliai's attack.
The meliai completely misses you.
You are too injured to fight recklessly!
You are too injured to fight recklessly!
You are too injured to fight recklessly!
Unknown command.
You hit the meliai. The meliai misses you. The meliai barely misses you.
You can now pass through a line of other dancers.
Your +5 rapier of electrocution {short} stops crackling.
You feel a sense of dread.
b - a +2 vampiric rapier (weapon)
{short} The meliai calls upon its god to heal the meliai.
The meliai is healed somewhat.
The meliai barely misses you. You block the meliai's attack.
Unknown command.
Unknown command.
You miss the meliai. The meliai hits you but does no damage.
The meliai stings you but does no damage.
The meliai calls upon its god to heal the meliai.
The meliai's wounds heal themselves!
The meliai misses you. You block the meliai's attack.
Unknown command.
You hit the meliai.
You feel better. The meliai completely misses you. x2
The meliai hits you with a +0 hand axe!
The meliai stings you but does no damage.
The meliai barely misses you. The meliai completely misses you.
Unknown command.
You puncture the meliai!
You feel better. The meliai hits you with a +0 hand axe.
You block the meliai's attack. The meliai hits you with a +0 hand axe!
The meliai stings you!
* * * LOW HITPOINT WARNING * * *
The meliai completely misses you. x2; The meliai hits you with a +0 hand axe.
* * * LOW HITPOINT WARNING * * *
The meliai completely misses you. You block the meliai's attack.
The meliai misses you. x2; The meliai closely misses you.
You puncture the meliai! The meliai completely misses you.
The meliai misses you. The meliai closely misses you.
The meliai completely misses you. x3
Unknown command.
You closely miss the meliai. The meliai completely misses you.
The meliai misses you. The meliai hits you with a +0 hand axe.
* * * LOW HITPOINT WARNING * * *
The meliai completely misses you. The meliai closely misses you.
You block the meliai's attack.
Unknown command.
You completely miss the meliai.
The meliai calls down the wrath of its god upon you.
Something smites you!
* * * LOW HITPOINT WARNING * * *
The meliai hits you but does no damage. The meliai completely misses you.
The meliai hits you with a +0 hand axe.
* * * LOW HITPOINT WARNING * * *
The meliai completely misses you.
The meliai calls upon its god to heal the meliai.
The meliai is healed somewhat.
The meliai hits you with a +0 hand axe.
* * * LOW HITPOINT WARNING * * *
The meliai completely misses you.
The meliai calls down the wrath of its god upon you.
Something smites you!
You die...

Skill      XL: |  1  2  3  4  5  6  7  8  9 10 11 12 13 14 |
---------------+-------------------------------------------+-----
Short Blades   | 3 4 5 7 8 10 12 | 12.8
Dodging        | 2 3 4 6 7 9 13 14 16 17 18 | 18.2
Stealth        | 6 7 9 10 12 14 16 17 | 17.4
Invocations    | 2 5 8 10 11 | 11.6
Shields        | 1 3 |  3.0
Fighting       | 3 4 |  4.0
Throwing       | |  2.1

Action                   |  1- 3 |  4- 6 |  7- 9 | 10-12 | 13-15 || total
-------------------------+-------+-------+-------+-------+-------++-------
Melee: Dagger            |    71 |   209 |   236 |   725 |   179 ||  1420
       Punch             |       |       |     5 |     5 |       ||    10
       Rapier            |       |       |       |       |   271 ||   271
Invok: Line Pass         |       |       |     1 |     5 |     4 ||    10
       Stomp             |       |       |       |       |     5 ||     5
Evoke: Wand              |       |       |     1 |       |     3 ||     4
  Use: Scroll            |       |    10 |     8 |    14 |    12 ||    44
       Potion            |       |       |     7 |     2 |       ||     9
 Stab: Sleeping          |    25 |    15 |    29 |    73 |    37 ||   179
       Distracted        |       |     2 |     1 |     6 |     8 ||    17
       Confused          |       |       |     1 |     2 |     1 ||     4
       Paralysed         |       |       |       |    33 |    25 ||    58
       Petrified         |       |       |       |       |     2 ||     2
Armor: Robe              |     5 |    32 |    21 |    48 |    47 ||   153
Dodge: Dodged            |    35 |   135 |   119 |   460 |   378 ||  1127
Block: Buckler           |       |       |       |   108 |   111 ||   219

Levels and vault maps discovered:
D:1:      matt_arrival_spirals, layout_basic,
          ebering_ecumenical_altar_sacrificial, minmay_pentomino_p2
D:2:      minmay_alternating_diamond, layout_loops_ring, uniq_robin
D:3:      layout_basic, ebering_ghost_disaster_area
D:4:      kennysheep_six_static_rooms, layout_basic, uniq_natasha, uniq_pikel
D:5:      layout_basic, minmay_temple_entry_slanted, minmay_misc_feat_tower
D:6:      layout_loops_ring
D:7:      layout_basic
D:8:      layout_basic, mainiacjoe_overflow_alcove_2, mainiacjoe_overflow_swirl,
          enter_ossuary_3, uniq_joseph
D:9:      layout_loops_cross, lemuel_coloured_pillars_altar, onia_ninara_cookie,
          uniq_grum
D:10:     layout_gridville, serial_shops, shop
D:11:     layout_cave_pools, david_lair_shrubbed, hiddenorc2_lemuel
D:12:     layout_stronghold, kennysheep_dice
D:13:     layout_irregular_city, grunt_vaults_entry_fortified,
          maelrawn_ghost_gauntlet_escape
Temple:   mainiacjoe_temple_coin_purse
Lair:1:   dreamdust_isle_of_ice, layout_gridlike
Lair:2:   layout_long_grid
Lair:3:   layout_regular_city, minmay_swamp_entry_worms,
          spider_nest_entry_rubble, kennysheep_abandoned_house,
          lemuel_fruit_tree
Lair:4:   layout_regular_city, dpeg_slime_entry_corner, grunt_megastairs_3,
          infiniplex_staircase_pool
Lair:5:   minmay_lair_end_enchanted_forest, layout_regular_city,
          gauntlet_entry_generic, hibernation_bobbens, serial_bayou_shore_a

Notes
Turn   | Place    | Note
-------+----------+-------------------------------------------
     0 | D:1      | Sobieck the Kobold Brigand began the quest for the Orb.
     0 | D:1      | Reached XP level 1. HP: 12/12 MP: 1/1
    22 | D:1      | Found a faded altar of an unknown god.
   179 | D:1      | Reached skill level 3 in Short Blades
   179 | D:1      | Reached XP level 2. HP: 17/17 MP: 2/2
   385 | D:1      | Reached skill level 2 in Dodging
   523 | D:1      | Reached XP level 3. HP: 21/21 MP: 3/3
  1003 | D:2      | Reached skill level 6 in Stealth
  1087 | D:2      | Reached XP level 4. HP: 26/26 MP: 4/4
  1302 | D:2      | Reached skill level 4 in Short Blades
  1617 | D:2      | Noticed Robin
  1653 | D:2      | Reached skill level 3 in Dodging
  1687 | D:2      | Killed Robin
  1688 | D:2      | Reached XP level 5. HP: 28/30 MP: 5/5
  1921 | D:3      | Found a large runed translucent door.
  1922 | D:3      | Found a large runed translucent door.
  1978 | D:4      | Noticed a black bear
  1984 | D:3      | HP: 7/30 [frozen (2)]
  2004 | D:3      | HP: 5/30 [frozen (4)]
  2209 | D:2      | HP: 7/30 [orc priest/nerve-wracking pain (6)]
  2488 | D:3      | Reached skill level 7 in Stealth
  2488 | D:3      | Reached XP level 6. HP: 35/35 MP: 6/6
  2510 | D:3      | Reached skill level 5 in Short Blades
  2510 | D:3      | Reached skill level 4 in Dodging
  2928 | D:3      | Killed a black bear
  3044 | D:4      | Noticed an ogre
  3051 | D:4      | Killed an ogre
  3052 | D:4      | Reached XP level 7. HP: 40/40 MP: 7/7
  3163 | D:4      | Noticed Natasha
  3167 | D:4      | Killed Natasha
  3265 | D:4      | Reached skill level 8 in Stealth
  3301 | D:4      | Reached skill level 6 in Short Blades
  3322 | D:4      | Noticed Natasha
  3325 | D:4      | Killed Natasha
  3326 | D:4      | Reached skill level 5 in Dodging
  3437 | D:4      | Noticed Natasha
  3461 | D:4      | Killed Natasha
  3960 | D:4      | Noticed Pikel
  3985 | D:3      | HP: 10/40 [Pikel/+1 whip of flaming (2)]
  4139 | D:3      | HP: 10/40 [Pikel/+1 whip of flaming (2)]
  4148 | D:3      | Killed Pikel
  4149 | D:3      | Reached skill level 7 in Short Blades
  4149 | D:3      | Reached skill level 6 in Dodging
  4149 | D:3      | Reached skill level 9 in Stealth
  4149 | D:3      | Reached XP level 8. HP: 36/44 MP: 8/8
  4342 | D:5      | Entered Level 5 of the Dungeon
  4406 | D:5      | Reached skill level 8 in Short Blades
  4406 | D:5      | Reached skill level 7 in Dodging
  4489 | D:5      | Reached skill level 10 in Stealth
  4489 | D:5      | Reached XP level 9. HP: 48/48 MP: 9/9
  4915 | D:5      | Found a staircase to the Ecumenical Temple.
  4923 | D:5      | You pick up a book of Blasting and begin reading...
  4923 | D:5      | You add the spells Kindle Blastsparks, Fulminant Prism,
                  | Iskenderun's Mystic Blast and Lee's Rapid Deconstruction to
                  | your library.
  5003 | Temple   | Entered the Ecumenical Temple
  5097 | Temple   | Became a worshipper of Uskayaw the Reveller
  5201 | D:5      | Reached * piety under Uskayaw
  5371 | D:5      | Reached ** piety under Uskayaw
  5884 | D:5      | Reached skill level 9 in Short Blades
  6091 | D:6      | Reached skill level 8 in Dodging
  6186 | D:6      | Reached skill level 11 in Stealth
  6342 | D:6      | Reached *** piety under Uskayaw
  6974 | D:7      | Reached skill level 10 in Short Blades
  7002 | D:7      | Reached skill level 9 in Dodging
  7030 | D:7      | Noticed a hornet
  7032 | D:7      | Paralysed by a hornet for 2 turns
  7039 | D:7      | Paralysed by a hornet for 2 turns
  7041 | D:7      | HP: 12/48 [poisoned by a hornet]
  7042 | D:7      | Killed a hornet
  7043 | D:7      | Reached skill level 12 in Stealth
  7043 | D:7      | Reached XP level 10. HP: 12/53 MP: 10/10
  7046 | D:7      | HP: 8/53 [poisoned by a hornet]
  7604 | D:7      | Identified the ring "Uceifiafuh" {Fire Dex+2}
  7959 | D:7      | Reached skill level 10 in Dodging
  8200 | D:8      | Found a sand-covered staircase.
  8206 | Ossuary  | Entered an ossuary
  8605 | Ossuary  | Noticed Menkaure
  8613 | Ossuary  | Killed Menkaure
  8614 | Ossuary  | Reached skill level 11 in Dodging
  8941 | D:8      | Reached **** piety under Uskayaw
  9219 | D:8      | Found a basalt altar of Yredelemnul.
  9478 | D:8      | Reached skill level 12 in Dodging
  9759 | D:8      | Noticed Joseph
  9761 | D:8      | Killed Joseph
  9903 | D:8      | Found an ancient bone altar of Kikubaaqudgha.
  9912 | D:8      | Found an iron altar of Okawaru.
  9976 | D:9      | Reached skill level 13 in Dodging
 10017 | D:9      | Reached skill level 1 in Invocations
 10100 | D:9      | Noticed a two-headed ogre
 10104 | D:9      | Killed a two-headed ogre
 10105 | D:9      | Reached skill level 1 in Shields
 10105 | D:9      | Reached skill level 2 in Invocations
 10105 | D:9      | Reached XP level 11. HP: 57/57 MP: 10/12
 10210 | D:9      | Noticed Grum
 10212 | D:9      | Killed Grum
 10240 | D:9      | Reached ***** piety under Uskayaw
 10243 | D:9      | Reached skill level 2 in Shields
 10308 | D:9      | Reached skill level 3 in Invocations
 10440 | D:9      | Reached skill level 13 in Stealth
 10445 | D:9      | Reached ****** piety under Uskayaw
 10469 | D:9      | Reached skill level 3 in Shields
 10469 | D:9      | Reached skill level 4 in Invocations
 10512 | D:9      | Noticed a two-headed ogre
 10513 | D:9      | HP: 9/57 [two-headed ogre/+0 giant club (26)]
 10517 | D:9      | Killed a two-headed ogre
 10835 | D:9      | Reached skill level 14 in Dodging
 10846 | D:9      | Reached skill level 5 in Invocations
 11227 | D:9      | Found a shadowy altar of Dithmenos.
 11407 | D:10     | Entered Level 10 of the Dungeon
 11790 | D:10     | Reached skill level 14 in Stealth
 11865 | D:10     | Reached XP level 12. HP: 62/62 MP: 16/16
 12106 | D:10     | Found Meete's Assorted Antiques.
 12271 | D:10     | Reached skill level 6 in Invocations
 12868 | D:11     | Reached skill level 7 in Invocations
 13010 | D:11     | Found a staircase to the Orcish Mines.
 13104 | D:11     | Reached skill level 15 in Dodging
 13269 | D:11     | Reached skill level 8 in Invocations
 13334 | D:11     | You pick up a book of Burglary and begin reading...
 13334 | D:11     | You add the spells Passwall, Ensorcelled Hibernation and
                  | Swiftness to your library.
 13348 | D:11     | Found a staircase to the Lair.
 13503 | Lair:1   | Entered Level 1 of the Lair of Beasts
 13740 | Lair:1   | Reached skill level 16 in Dodging
 13865 | Lair:1   | Identified the +0 chain mail "Gybrol" {rCorr}
 13914 | Lair:1   | You add the spells Tukima's Dance, Passage of Golubria and
                  | Yara's Violent Unravelling to your library.
 13962 | Lair:1   | Noticed an ice dragon
 14311 | Lair:2   | You pick up a book of Armaments and begin reading...
 14311 | Lair:2   | You add the spells Stone Arrow, Animate Armour and
                  | Lehudib's Crystal Spear to your library.
 14323 | Lair:2   | Reached skill level 3 in Fighting
 14496 | Lair:2   | Reached XP level 13. HP: 70/70 MP: 19/19
 14515 | Lair:2   | Reached skill level 4 in Fighting
 14692 | Lair:2   | Reached skill level 9 in Invocations
 14697 | Lair:2   | Reached skill level 15 in Stealth
 14732 | Lair:2   | Identified a scroll of acquirement
 14732 | Lair:2   | Acquired 598 gold pieces
 15055 | Lair:3   | Noticed a six-headed hydra
 15067 | Lair:3   | Killed a six-headed hydra
 15068 | Lair:3   | Reached skill level 17 in Dodging
 15286 | Lair:3   | Found a hole to the Spider Nest.
 15695 | Lair:3   | Reached skill level 10 in Invocations
 15993 | Lair:3   | Found a staircase to the Swamp.
 16363 | Lair:4   | Found a viscous altar of Jiyva.
 16370 | Lair:4   | Found a staircase to the Slime Pits.
 16387 | Lair:4   | Noticed a five-headed hydra
 16394 | Lair:4   | Killed a five-headed hydra
 17003 | Lair:4   | Reached skill level 16 in Stealth
 17174 | Lair:5   | Entered Level 5 of the Lair of Beasts
 17597 | Lair:5   | Reached XP level 14. HP: 76/76 MP: 22/22
 17874 | Lair:5   | Reached skill level 11 in Invocations
 17929 | Lair:5   | Reached skill level 11 in Short Blades
 18006 | Lair:5   | Reached skill level 17 in Stealth
 18156 | Lair:5   | Reached skill level 18 in Dodging
 18193 | Lair:5   | Identified the +2 ring mail "Vuri" {Str+3}
 18215 | Lair:5   | Reached skill level 12 in Short Blades
 20041 | D:13     | Found a runed translucent gate.
 20041 | D:13     | Found a runed translucent gate.
 20041 | D:13     | Found a runed translucent gate.
 20115 | D:13     | HP: 15/76 [meliai/divine providence (17)]
 20115 | D:13     | HP: 7/76 [meliai/+0 hand axe (5)]
 20115 | D:13     | Killed from afar by a meliai

Vanquished Creatures
  4 hydras
  A catoblepas (Lair:5)
  4 two-headed ogres
  2 boulder beetles (D:12)
  A death yak (Lair:2)
  Pikel (D:3)
  A lindwurm (Lair:2)
  An ugly thing (D:11)
  7 black mambas
  Joseph (D:8)
  10 cane toads
  4 rime drakes
  3 kobold demonologists
  8 komodo dragons
  An unseen horror (D:10)
  2 trolls (D:12)
  5 polar bears
  7 hornets
  2 dream sheep (Lair:5)
  3 blink frogs (Lair:5)
  A jumping spider (Lair:3)
  2 shadows
  A vampire (D:9)
  12 spriggans (Lair:5)
  4 wyverns
  5 wraiths
  Grum (D:9)
  3 steam dragons
  49 yaks
  2 basilisks (Lair:2)
  8 vampire mosquitoes
  Menkaure (Ossuary)
  13 water moccasins
  An acid dragon (D:11)
  A floating eye (D:9)
  3 ice beasts
  8 orc warriors
  6 black bears
  27 wolves
  8 centaurs
  3 ogres
  4 boggarts (Lair:5)
  A phantom (D:5)
  4 kobold brigands
  3 gnoll sergeants
  7 bullfrogs
  A necrophage (D:6)
  3 scorpions
  9 wights
  11 killer bees
  2 howler monkeys
  3 hounds
  3 jellies
  A lava snake (D:12)
  8 orc priests
  3 gnoll boudas
  6 iguanas
  14 orc wizards
  Natasha (thrice) (D:4)
  A hell rat (Lair:3)
  3 mummies (Ossuary)
  Robin (D:2)
  5 adders
  22 gnolls
  3 river rats (Lair:3)
  2 white imps
  7 dart slugs
  57 orcs
  9 bats
  11 endoplasms
  4 giant cockroaches
  3 gnoll zombies (Ossuary)
  11 goblins
  8 hobgoblins
  4 jackals (D:2)
  17 kobolds
  8 quokkas
  8 ball pythons
  A frilled lizard (D:2)
  5 gnoll skeletons (Ossuary)
  6 goblin skeletons (Ossuary)
  6 goblin zombies (Ossuary)
  7 hobgoblin skeletons (Ossuary)
  7 hobgoblin zombies (Ossuary)
  2 kobold skeletons (Ossuary)
  4 kobold zombies (Ossuary)
  2 orc skeletons (Ossuary)
  8 rats
  3 rat skeletons (Ossuary)
  5 rat zombies (Ossuary)
553 creatures vanquished.

Vanquished Creatures (collateral kills)
  2 death yaks (Lair:2)
2 creatures vanquished.

Vanquished Creatures (others)
  An orc wizard (D:5)
  29 fungi
  78 plants
108 creatures vanquished.

Grand Total: 663 creatures vanquished

Table legend:
 A = Non-vault XP
 B = Vault XP
 C = Vault XP percentage of total XP
 D = Non-vault monster count
 E = Vault monster count
 F = Vault count percentage of total count
                 A         B        C        D         E       F
            +---------+---------+-------+---------+---------+-------
      Total |   48676 |   17213 |  26.1 |     359 |     196 |  35.3
            +---------+---------+-------+---------+---------+-------
        D:1 |      50 |       1 |   2.0 |      28 |       1 |   3.4
        D:2 |      76 |      61 |  44.5 |      19 |      18 |  48.6
        D:3 |     270 |     663 |  71.1 |      18 |       1 |   5.3
        D:4 |     441 |      61 |  12.2 |      27 |       7 |  20.6
        D:5 |     930 |       0 |   0.0 |      16 |       0 |   0.0
        D:6 |     957 |       0 |   0.0 |      18 |       0 |   0.0
        D:7 |    1184 |       0 |   0.0 |      18 |       0 |   0.0
        D:8 |    1124 |     419 |  27.2 |      24 |       1 |   4.0
        D:9 |    3761 |    4120 |  52.3 |      21 |      27 |  56.2
       D:10 |    2626 |       0 |   0.0 |      31 |       0 |   0.0
       D:11 |    3467 |     670 |  16.2 |      24 |      28 |  53.8
       D:12 |    4319 |     209 |   4.6 |      17 |       1 |   5.6
       D:13 |     832 |       0 |   0.0 |       1 |       0 |   0.0
     Lair:1 |    2394 |       0 |   0.0 |      11 |       0 |   0.0
     Lair:2 |    7195 |       0 |   0.0 |      24 |       0 |   0.0
     Lair:3 |    4781 |     736 |  13.3 |      15 |      10 |  40.0
     Lair:4 |    1958 |     572 |  22.6 |       5 |       2 |  28.6
     Lair:5 |   12311 |    9425 |  43.4 |      42 |      46 |  52.3
    Ossuary |       0 |     276 | 100.0 |       0 |      54 | 100.0
            +---------+---------+-------+---------+---------+-------

Illustrated notes

Table legend:
 A = Kills in this place as a percentage of kills in entire the game.
 B = Kills by you in this place as a percentage of kills by you in the entire game.
 C = Kills by friends in this place as a percentage of kills by friends in the entire game.
 D = Other kills in this place as a percentage of other kills in the entire game.
 E = Experience gained in this place as a percentage of experience gained in the entire game.
 F = Experience gained in this place divided by the number of levels of this place that you have seen.
                   A       B       C       D       E      F
               +-------+-------+-------+-------+-------+----------------------
         Total | 100.0 | 100.0 | 100.0 | 100.0 | 100.0 | 3294.4
       Dungeon |  62.3 |  62.6 |   0.0 |  50.0 |  39.8 | 2018.5
          Lair |  27.9 |  27.6 | 100.0 |  50.0 |  59.8 | 7874.4
       Ossuary |   9.7 |   9.8 |   0.0 |   0.0 |   0.4 | 276.0
               +-------+-------+-------+-------+-------+----------------------

Table legend: (Time is in decaauts)
 A = Elapsed time spent in this place.
 B = Non-inter-level travel time spent in this place.
 C = Inter-level travel time spent in this place.
 D = Time resting spent in this place.
 E = Time spent auto-exploring this place.
 F = Levels seen in this place.
 G = Mean time per level.
                   A        B        C        D        E       F      G
               +--------+--------+--------+--------+--------+-----+--------+
         Total |  19484 |  18610 |    874 |   1945 |  13507 |  20 |  974.2 |
       Dungeon |  13683 |  13011 |    672 |   1731 |   9208 |  13 | 1052.5 |
        Temple |    176 |    163 |     13 |      0 |    141 |   1 |  176.0 |
          Lair |   5138 |   4949 |    189 |     75 |   4128 |   5 | 1027.6 |
       Ossuary |    485 |    485 |      0 |    139 |     30 |   1 |  485.0 |
               +--------+--------+--------+--------+--------+-----+--------+

Top non-repeatable levels by time:
  Lair:5: 1449 daAuts
     D:9: 1374 daAuts
     D:7: 1347 daAuts
     D:2: 1279 daAuts
     D:4: 1265 daAuts
    D:10: 1251 daAuts
     D:5: 1248 daAuts
     D:8: 1191 daAuts
  Lair:3: 1165 daAuts
    D:12: 1153 daAuts
  Lair:4: 1056 daAuts
     D:1: 941 daAuts
     D:3: 916 daAuts
     D:6: 826 daAuts
    D:11: 758 daAuts
